 Dungeon Crawl Stone Soup version 0.23-a0-54-gae6112e (webtiles) character file.

4426 CanOfBees the Carver (level 10, -5/65 HPs)
             Began as a Tengu Berserker on Aug 9, 2018.
             Was an Elder of Trog.
             Slain by a two-headed ogre
             ... wielding a +0 giant spiked club
              (16 damage)
             ... on level 8 of the Dungeon.
             The game lasted 00:16:16 (9285 turns).

CanOfBees the Carver (Tengu Berserker)              Turns: 9285, Time: 00:16:17

Health: -5/65      AC:  9    Str: 17    XL:     10   Next: 36%
Magic:  12/14      EV: 19    Int:  9    God:    Trog [****..]
Gold:   494        SH:  0    Dex: 21    Spells: 9/9 levels left

rFire    . . .     SeeInvis .   x - +3 great sword
rCold    . . .     Gourm    .   (shield currently unavailable)
rNeg     . . .     Faith    .   p - +0 scale mail
rPois    .         Spirit   .   (helmet restricted)
rElec    .         Reflect  .   n - +0 cloak
rCorr    .         Harm     .   D - +0 pair of gloves
MR       +....                  (boots unavailable)
Stlth    ..........             (no amulet)
HPRegen  0.20/turn              i - +5 ring of dexterity
MPRegen  0.14/turn              E - ring of protection from magic

@: flying quickly and evasively, invisible, quick
A: beak, talons 3, able to fly 1
a: Berserk, Trog's Hand, Brothers in Arms, Renounce Religion


You were on level 8 of the Dungeon.
You worshipped Trog.
Trog was greatly pleased with you.
You were not hungry.

You visited 1 branch of the dungeon, and saw 8 of its levels.
You also visited: Sewer.

You collected 494 gold pieces.

Inventory:

Hand Weapons
 a - a +0 long sword
 b - a +1 falchion of draining
 x - a +3 great sword (weapon)
 C - a +1 rapier of draining
Missiles
 e - 248 stones (quivered)
 t - a throwing net
Armour
 n - a +0 cloak (worn)
 p - a +0 scale mail (worn)
 D - a +0 pair of gloves (worn)
Jewellery
 i - a +5 ring of dexterity (left hand)
 u - an uncursed ring of fire
 E - a ring of protection from magic (right hand)
Wands
 G - a wand of iceblast (9)
Scrolls
 d - 4 scrolls of remove curse
 g - 2 scrolls of teleportation
 k - 3 scrolls of noise
 l - 2 scrolls of magic mapping
 m - 2 scrolls of fog
 r - a scroll of fear
 y - a scroll of immolation
 F - a scroll of enchant armour {unknown}
Potions
 h - 2 potions of brilliance
 o - 4 potions of lignification
 q - a potion of resistance
 s - a potion of mutation
 v - 3 potions of curing
 w - 3 potions of magic
 z - a potion of might {unknown}
 A - a potion of cancellation {unknown}
 B - a potion of heal wounds {unknown}
 H - a potion of ambrosia {unknown}
Comestibles
 c - 13 rations
 f - 6 chunks of flesh


   Skills:
 + Level 8.7 Fighting
 + Level 9.5 Long Blades
 - Level 3.0 Armour
 + Level 9.2 Dodging
 + Level 4.0 Evocations


You had 9 spell levels left.
You didn't know any spells.
Your spell library was empty.

Dungeon Overview and Level Annotations

Branches:
Dungeon (8/15)             Temple (0/1) D:7
   Lair: D:8-11

Altars:
Gozag
Sif Muna
Trog
Vehumet

Shops:
D:6 =   D:7 (


Innate Abilities, Weirdness & Mutations

You have a beak for a mouth.
You have claws for feet.
You can fly.


Message History

The two-headed ogre hits you with a giant spiked club!!
* * * LOW HITPOINT WARNING * * *
The two-headed ogre hits you with a giant club!
* * * LOW HITPOINT WARNING * * *
You slash the two-headed ogre! You peck the two-headed ogre.
The two-headed ogre is severely wounded.
The two-headed ogre completely misses you.
The two-headed ogre misses you.
You closely miss the two-headed ogre. Your kick misses the two-headed ogre.
The two-headed ogre is severely wounded.
The two-headed ogre closely misses you.
The two-headed ogre completely misses you.
You hit the two-headed ogre.
The two-headed ogre is severely wounded.
Okay, then.
You fade into invisibility!
The centaur wields a shortbow.
The centaur shoots an arrow.
The arrow hits the two-headed ogre!
The two-headed ogre hits you with a giant spiked club!
You die...

#.#
#.)......
#.#
#########
######.#
#......#
#.######
#.# #.#
#.#########
#..@Oc.....
###########


You could see a two-headed ogre and a centaur.

Vanquished Creatures
  Prince Ribbit (D:8)
  A hippogriff (D:7)
  Eustachio (D:4)
  A water moccasin (D:8)
  A porcupine (D:7)
  A black bear (D:8)
  An ice beast (D:7)
  2 orc warriors (D:7)
  3 phantoms
  5 ogres
  A necrophage (D:7)
  5 big kobolds
  4 centaurs
  4 bullfrogs
  2 scorpions
  5 wights (D:8)
  4 howler monkeys
  3 crimson imps
  2 hounds
  2 jellies
  Crazy Yiuf (D:2)
  8 orc priests
  A centaur skeleton (D:4)
  5 orc wizards
  Terence (D:2)
  Jessica (D:2)
  7 worker ants
  4 iguanas
  6 adders
  A shadow imp (D:6)
  7 oozes
  An adder skeleton (D:4)
  5 worms
  A dart slug (D:1)
  3 leopard geckos
  20 orcs
  8 ball pythons
  6 giant cockroaches
  3 goblins
  11 hobgoblins
  5 jackals
  3 quokkas
  8 bats
  3 frilled lizards
  A jackal skeleton (D:7)
  22 kobolds
  8 rats
199 creatures vanquished.

Vanquished Creatures (others)
  An adder (D:3)
  3 fungi (D:8)
4 creatures vanquished.

Grand Total: 203 creatures vanquished

Notes
Turn   | Place    | Note
-------+----------+-------------------------------------------
     0 | D:1      | CanOfBees the Tengu Berserker began the quest for the Orb.
     0 | D:1      | Reached XP level 1. HP: 14/14 MP: 2/2
   257 | D:1      | Reached XP level 2. HP: 15/19 MP: 3/3
   767 | D:2      | Reached XP level 3. HP: 23/23 MP: 4/4
   797 | D:2      | Noticed Jessica
   808 | D:2      | Killed Jessica
   808 | D:2      | Reached ** piety under Trog
  1398 | D:2      | Found a runed door.
  1402 | D:2      | Noticed Crazy Yiuf
  1407 | D:2      | Killed Crazy Yiuf
  1407 | D:2      | Reached XP level 4. HP: 14/29 MP: 5/5
  2248 | D:2      | Noticed Terence
  2251 | D:2      | Killed Terence
  2251 | D:2      | Gained mutation: You can fly. [Tengu growth]
  2251 | D:2      | Reached XP level 5. HP: 33/33 MP: 6/6
  2601 | D:3      | Found a deep blue altar of Sif Muna.
  2619 | D:3      | Found a radiant altar of Vehumet.
  2814 | D:3      | Found a bloodstained altar of Trog.
  2858 | D:3      | Noticed a phantom
  2919 | D:3      | Killed a phantom
  2919 | D:3      | Reached XP level 6. HP: 20/39 MP: 7/7
  3699 | D:4      | Found a glowing drain.
  3725 | Sewer    | Entered a sewer
  3983 | Sewer    | Reached skill level 5 in Long Blades
  4267 | Sewer    | Reached *** piety under Trog
  4367 | Sewer    | Reached skill level 5 in Fighting
  4367 | Sewer    | Reached XP level 7. HP: 43/44 MP: 4/8
  4470 | Sewer    | Reached skill level 5 in Dodging
  4872 | D:4      | Reached XP level 8. HP: 51/51 MP: 6/9
  5385 | D:4      | Noticed Eustachio
  5390 | D:4      | Killed Eustachio
  5572 | D:5      | Entered Level 5 of the Dungeon
  6666 | D:6      | Found Najogi's Jewellery Emporium.
  6926 | D:6      | Reached XP level 9. HP: 57/57 MP: 10/10
  7052 | D:6      | Reached **** piety under Trog
  7442 | D:7      | Found a staircase to the Ecumenical Temple.
  7596 | D:7      | Found Hujoec's Antique Weapon Shop.
  7650 | D:7      | HP: 1/58 [orc warrior/hand axe (11)]
  8086 | D:7      | Reached skill level 1 in Evocations
  8531 | D:7      | Reached XP level 10. HP: 47/64 MP: 11/13
  8645 | D:8      | Noticed Prince Ribbit
  8657 | D:8      | Killed Prince Ribbit
  9063 | D:8      | Found an opulent altar of Gozag.
  9276 | D:8      | Noticed a two-headed ogre
  9285 | D:8      | Slain by a two-headed ogre

Vault maps used:
D:1:      roderic_chinese_lattice_arrival
D:2:      uniq_jessica, uniq_terence, uniq_crazy_yiuf_cottage
D:3:      overflow_temple_1_default, fiery_altar_vehumet, lemuel_doored_altar,
          hangedman_feature_mirror
D:4:      first_ration, cheibrodos_sewer_entry_bend, uniq_eustachio
D:6:      minmay_shop_grid_forest
D:7:      minmay_temple_entry_statues_pillars, serial_shops,
          nicolae_shop_crystal
D:8:      grunt_gozag_statues, grunt_lair_entry_orc_guard_hut,
          uniq_prince_ribbit1
Sewer:    sewer_co_tree

Skill      XL: |  1  2  3  4  5  6  7  8  9 10 |
---------------+-------------------------------+-----
Armour         | 3 |  3.0
Long Blades    | 4 5 6 7 9 |  9.5
Dodging        | 3 4 5 7 8 9 |  9.2
Fighting       | 4 5 7 8 |  8.7
Evocations     | 3 4 |  4.0

Action                   |  1- 3 |  4- 6 |  7- 9 | 10-12 || total
-------------------------+-------+-------+-------+-------++-------
Melee: Falchion          |    43 |    72 |    20 |    39 ||   174
       Kick              |    11 |    53 |   128 |    28 ||   220
       Peck              |     9 |    26 |    81 |    24 ||   140
       Long sword        |       |    33 |   228 |       ||   261
       Great sword       |       |       |       |    28 ||    28
Throw: Stone             |    25 |    25 |    19 |       ||    69
Invok: Berserk           |     1 |     3 |     5 |     2 ||    11
       Trog's Hand       |       |     1 |     6 |     1 ||     8
 Abil: Fly               |       |     5 |    11 |     2 ||    18
Evoke: Wand              |       |       |       |     1 ||     1
  Use: Scroll            |     3 |     6 |     8 |     2 ||    19
       Potion            |       |       |     2 |     1 ||     3
  Eat: Chunk             |     2 |    11 |    14 |     5 ||    32
       Ration            |       |     1 |     2 |       ||     3
Armor: Animal skin       |     3 |       |       |       ||     3
       Ring mail         |    14 |     7 |       |       ||    21
       Scale mail        |       |    24 |    62 |    16 ||   102
Dodge: Dodged            |    35 |    73 |   181 |    52 ||   341
       Rpst.: Falchion   |     9 |    18 |     8 |     5 ||    40
       Long sword        |       |     4 |    46 |       ||    50
       Great sword       |       |       |       |     9 ||     9

Table legend:
 A = Spawn XP
 B = Non-spawn XP
 C = Spawn XP percentage of total XP
 D = Spawn monster count
 E = Non-spawn monster count
 F = Spawn count percentage of total count
 G = Total turns spent on level
                    A         B        C        D         E        F      G
               +---------+---------+-------+---------+---------+-------+---------
         Total |       0 |    6324 |   0.0 |       0 |     199 |   0.0 |  9285
               +---------+---------+-------+---------+---------+-------+---------
           D:1 |       0 |      30 |   0.0 |       0 |      18 |   0.0 |   743
           D:2 |       0 |     164 |   0.0 |       0 |      27 |   0.0 |  1811
           D:3 |       0 |     213 |   0.0 |       0 |      17 |   0.0 |  1089
           D:4 |       0 |    1003 |   0.0 |       0 |      36 |   0.0 |  1139
           D:5 |       0 |     205 |   0.0 |       0 |       3 |   0.0 |   736
           D:6 |       0 |     505 |   0.0 |       0 |       9 |   0.0 |   911
           D:7 |       0 |    1955 |   0.0 |       0 |      35 |   0.0 |  1306
           D:8 |       0 |    1770 |   0.0 |       0 |      26 |   0.0 |   760
         Sewer |       0 |     479 |   0.0 |       0 |      28 |   0.0 |   790
               +---------+---------+-------+---------+---------+-------+---------
